 Dungeon Crawl Stone Soup version 0.27.0-1-g7a089689b8 (webtiles) character file.

Game seed: 1454960331045322263

1688117 ardl the Deadly Accurate (level 27, 222/222 HPs)
             Began as a Gnoll Fighter on Aug 1, 2021.
             Was an Initiate of Gozag.
             Escaped with the Orb
             ... and 3 runes!
             The game lasted 03:03:26 (72944 turns).

ardl the Deadly Accurate (Gnoll Fighter)           Turns: 72944, Time: 03:03:27

Health: 222/222    AC: 36    Str: 24    XL:     27
Magic:  41/41      EV: 16    Int: 20    God:    Gozag
Gold:   140        SH: 19    Dex:  9    Spells: 19/63 levels left

rFire    + + +     SeeInvis .   r - +6 eveningstar (holy)
rCold    . . .     Faith    .   G - +4 kite shield of Grace {Stlth+}
rNeg     + . .     Spirit   +   u - +10 scale mail of Trial and Error {rElec Int+7}
rPois    +         Reflect  .   V - +2 helmet {Int+3}
rElec    +         Harm     .   I - +2 ratskin cloak {*Rats rPois rN+ Str-1 Int-1 Dex+1}
rCorr    +         Rampage  .   j - +2 pair of gloves {archery}
Will     +++..                  T - +2 pair of boots
Stlth    ++........             U - amulet "Unocilerph" {Spirit rElec rF+ Regen+ Stlth-}
HPRegen  1.47/turn              E - +4 ring of slaying
MPRegen  0.27/turn              F - ring "Xausom" {rElec rF+++ Will+ rCorr Dex-4}

@: studying 2 skills, bribing [the Dungeon]
A: fangs 1, strong nose, distributed training, low mp 1, no potion heal 1
0: Orb of Zot
}: 3/15 runes: barnacled, silver, gossamer
a: Renounce Religion, Potion Petition, Call Merchant, Bribe Branch


You escaped.
You worshipped Gozag.
Gozag was aware of your devotion.
You visited 12 branches of the dungeon, and saw 53 of its levels.
You visited the Abyss 1 time.
You also visited: Bailey, Ice Cave and Desolation.

You collected 34955 gold pieces.
You spent 4551 gold pieces at shops.
You paid 30264 gold pieces to Gozag.

Inventory:

Hand Weapons
 a - a +9 vampiric broad axe
 b - the +8 arc blade {discharge, rElec}
   (You found it on level 2 of the Depths)

   It occasionally unleashes powerful arcs of lightning upon striking a foe.
   These may arc to other adjacent creatures (including the wielder, but dealing
   reduced damage to them) before grounding out.
   rElec:     It insulates you from electricity.
 r - a +6 eveningstar of holy wrath (weapon)
Missiles
 i - 7 atropa-tipped darts
 k - 83 boomerangs (quivered)
 o - 8 silver boomerangs
 p - 81 javelins
 L - 15 silver javelins
 P - 7 throwing nets
 Q - 23 curare-tipped darts
Armour
 j - a +2 pair of gloves of archery (worn)
 u - the +10 scale mail of Trial and Error (worn) {rElec Int+7}
   (You bought it in a shop on level 2 of the Orcish Mines)

   Int:       It affects your intelligence (+7).
   rElec:     It insulates you from electricity.
 G - the +4 kite shield of Grace (worn) {Stlth+}
   (You acquired it on level 5 of the Depths)

   Stlth:     It makes you more stealthy.
 I - the +2 ratskin cloak (worn) {*Rats rPois rN+ Str-1 Int-1 Dex+1}
   (You found it on level 5 of the Vaults)

   When the wearer is hurt, rats may emerge from it to assist them.
   Str:       It affects your strength (-1).
   Int:       It affects your intelligence (-1).
   Dex:       It affects your dexterity (+1).
   rPois:     It protects you from poison.
   rN:        It protects you from negative energy.
 T - a +2 pair of boots (worn)
 V - a +2 helmet of intelligence (worn)
Jewellery
 C - the ring "Dezoamn" {rPois AC+4 Str+6 Dex+2 Stlth-}
   (You found it on level 4 of the Depths)

   [ring of protection]

   AC:        It affects your AC (+4).
   Str:       It affects your strength (+6).
   Dex:       It affects your dexterity (+2).
   rPois:     It protects you from poison.
   Stlth:     It makes you less stealthy.
 E - a +4 ring of slaying (left hand)
 F - the ring "Xausom" (right hand) {rElec rF+++ Will+ rCorr Dex-4}
   (You found it on level 5 of the Vaults)

   [ring of willpower]

   Dex:       It affects your dexterity (-4).
   rF:        It renders you almost immune to fire.
   rElec:     It insulates you from electricity.
   rCorr:     It protects you from acid and corrosion.
   Will:      It increases your willpower.
 M - the ring of Uskayaw's Scorn {rElec Slay+4}
   (You found it in the Desolation of Salt)

   [ring of slaying]

   Slay:      It affects your accuracy & damage with ranged weapons and melee
   (+4).
   rElec:     It insulates you from electricity.
 S - a ring of see invisible
 U - the amulet "Unocilerph" (around neck) {Spirit rElec rF+ Regen+ Stlth-}
   (You found it in the Desolation of Salt)

   [amulet of guardian spirit]

   It causes incoming damage to be divided between your reserves of health and
   magic.
   rF:        It protects you from fire.
   rElec:     It insulates you from electricity.
   Regen:     It increases your rate of health regeneration.
   Stlth:     It makes you less stealthy.
Wands
 s - a wand of polymorph (49)
 w - a wand of iceblast (42)
 A - a wand of charming (53)
 D - a wand of digging (3)
 J - a wand of acid (23)
 K - a wand of mindburst (15)
 X - a wand of paralysis (64)
Scrolls
 e - 3 scrolls of summoning
 g - 7 scrolls of fear
 t - 11 scrolls of teleportation
 y - 9 scrolls of holy word
 B - 5 scrolls of blinking
 O - 11 scrolls of fog
 W - a scroll of enchant armour
Potions
 d - 5 potions of might
 f - 5 potions of brilliance
 h - 8 potions of haste
 l - 4 potions of heal wounds
 m - 2 potions of flight
 n - 2 potions of resistance
 q - 12 potions of curing
 z - 3 potions of ambrosia
 H - 9 potions of mutation
 N - 5 potions of attraction
 Y - 4 potions of magic
 Z - 8 potions of cancellation
Miscellaneous
 c - a condenser vane
 v - a tin of tremorstones (2/2)
 R - a box of beasts


   Skills:
 + Level 19.4 Fighting
 + Level 18.7 Short Blades
 + Level 18.7 Long Blades
 + Level 19.1 Axes
 + Level 18.7 Maces & Flails
 + Level 18.7 Polearms
 + Level 18.7 Staves
 + Level 18.7 Slings
 + Level 18.7 Bows
 + Level 18.7 Crossbows
 + Level 20.2 Throwing
 + Level 19.4 Armour
 + Level 18.7 Dodging
 + Level 18.7 Stealth
 + Level 19.4 Shields
 + Level 18.7 Unarmed Combat
 + Level 18.7 Spellcasting
 + Level 16.1 Conjurations
 + Level 16.1 Hexes
 + Level 16.1 Summonings
 + Level 17.0 Necromancy
 + Level 16.1 Translocations
 + Level 16.1 Transmutations
 + Level 16.1 Fire Magic
 + Level 16.1 Ice Magic
 + Level 16.1 Air Magic
 + Level 16.1 Earth Magic
 + Level 16.1 Poison Magic
 + Level 20.1 Invocations
 + Level 18.7 Evocations


You had 19 spell levels left.
You knew the following spells:

 Your Spells              Type           Power      Damage    Failure   Level
a - Passage of Golubria   Tloc           N/A        N/A       1%          4
b - Wereblood             Tmut           70%        N/A       0%          2
c - Manifold Assault      Tloc           70%        N/A       1%          5
d - Summon Mana Viper     Hex/Summ       70%        N/A       1%          5
e - Blink                 Tloc           N/A        N/A       0%          2
f - Statue Form           Tmut/Erth      46%        N/A       1%          6
g - Malign Gateway        Summ/Tloc      35%        N/A       5%          7
h - Haunt                 Necr/Summ      35%        N/A       4%          7
i - Invisibility          Hex            35%        N/A       1%          6

Your spell library contained the following spells:

 Spells                   Type           Power      Damage    Failure   Level
 Freeze                   Ice            100%       1d11      0%          1
 Magic Dart               Conj           100%       1d8       0%          1
 Shock                    Conj/Air       100%       1d9       0%          1
 Sting                    Tmut/Pois      100%       1d8       0%          1
 Summon Small Mammal      Summ           100%       N/A       0%          1
 Call Imp                 Summ           70%        N/A       0%          2
 Passwall                 Tmut/Erth      58%        N/A       0%          2
 Poisonous Vapours        Pois/Air       100%       N/A       0%          2
 Sublimation of Blood     Necr           36%        N/A       0%          2
 Call Canine Familiar     Summ           70%        N/A       1%          3
 Frozen Ramparts          Ice            100%       1d12      1%          3
 Gell's Gravitas          Tloc           35%        N/A       1%          3
 Inner Flame              Hex/Fire       70%        N/A       1%          3
 Lesser Beckoning         Tloc           35%        N/A       1%          3
 Mephitic Cloud           Conj/Pois/Air  70%        N/A       1%          3
 Ozocubu's Armour         Ice            70%        N/A       1%          3
 Stone Arrow              Conj/Erth      100%       3d13      1%          3
 Summon Guardian Golem    Hex/Summ       70%        N/A       1%          3
 Swiftness                Air            70%        N/A       1%          3
 Teleport Other           Tloc           70%        N/A       1%          3
 Tukima's Dance           Hex            70%        N/A       1%          3
 Airstrike                Air            35%        N/A       1%          4
 Animate Armour           Summ/Erth      100%       N/A       1%          4
 Animate Dead             Necr           36%        N/A       1%          4
 Cause Fear               Hex            35%        N/A       1%          4
 Fulminant Prism          Conj/Hex       35%        3d18      1%          4
 Hailstorm                Conj/Ice       70%        3d15      1%          4
 Ice Form                 Ice/Tmut       70%        N/A       1%          4
 Olgreb's Toxic Radiance  Pois           70%        N/A       1%          4
 Petrify                  Tmut/Erth      70%        N/A       1%          4
 Summon Ice Beast         Ice/Summ       70%        N/A       1%          4
 Summon Lightning Spire   Summ/Air       70%        N/A       1%          4
 Alistair's Intoxication  Tmut/Pois      46%        N/A       1%          5
 Freezing Cloud           Conj/Ice/Air   35%        6-21      1%          5
 Irradiate                Conj/Tmut      35%        3d25      1%          5
 Iskenderun's Battlesphe  Conj           70%        2d12      1%          5
 Lightning Bolt           Conj/Air       35%        1d53      1%          5
 Metabolic Englaciation   Hex/Ice        35%        N/A       1%          5
 Yara's Violent Unravell  Hex/Tmut       35%        3d14      1%          5
 Conjure Ball Lightning   Conj/Air       35%        3x3d11    1%          6
 Dispersal                Tloc           35%        N/A       1%          6
 Iron Shot                Conj/Erth      35%        9d7       1%          6
 Simulacrum               Ice/Necr       35%        N/A       1%          6
 Dragon Form              Tmut           35%        N/A       5%          7
 Monstrous Menagerie      Summ           35%        N/A       5%          7
 Orb of Destruction       Conj           35%        9d13      5%          7
 Spellforged Servitor     Conj/Summ      35%        N/A       5%          7
 Storm Form               Tmut/Air       35%        N/A       5%          7
 Summon Hydra             Summ           35%        N/A       5%          7
 Borgnjor's Revivificati  Necr           36%        N/A       28%         8
 Infestation              Necr           36%        N/A       28%         8
 Necromutation            Tmut/Necr      35%        N/A       34%         8
 Discord                  Hex            35%        N/A       38%         8
 Disjunction              Tloc           35%        N/A       38%         8
 Maxwell's Capacitive Co  Air            35%        ∞         38%         8
 Summon Horrible Things   Summ           35%        N/A       38%         8
 Death's Door             Necr           36%        N/A       99%         9


Dungeon Overview and Level Annotations

Branches:
Dungeon (15/15)            Temple (1/1) D:6            Lair (6/6) D:11
 Shoals (4/4) Lair:3       Spider (4/4) Lair:2        Slime (0/5) Lair:6
    Orc (2/2) D:9             Elf (2/3) Orc:2        Vaults (5/5) D:13
  Crypt (3/3) Vaults:3       Tomb (0/3) Crypt:3      Depths (5/5) D:15
   Hell (visited)             Zot (5/5) Depths:5     Bailey (visited)
  IceCv (visited)         Desolation (visited)
    Dis: Hell:1         Geh: Hell:1         Coc: Hell:1         Tar: Hell:1

Altars:
Ashenzari
Cheibriados
Dithmenos
Elyvilon
Gozag
Hepliaklqana
Kikubaaqudgha
Nemelex Xobeh
Qazlal
Sif Muna
Trog
Uskayaw
Xom
Yredelemnul
Beogh

Shops:
D:4 *   D:5 [   D:6 =   Orc:2 *![?   Elf:1 !   Lair:6 [[=   Vaults:2 *
Vaults:4 ([:(!   Depths:4 =:=

Portals:
Hell: Depths:1 Depths:2 Depths:3 Depths:4 Depths:5
Abyss: Depths:1 Depths:4
Pandemonium: Depths:3
Ziggurat: Depths:1

Annotations:
D:8 3 runed translucent doors, frimble's ghost, novice OpVM; sixthgate's ghost, novice GnWn
Lair:6 exclusions: 2 doors and obsidian statue
Spider:1 2 runed translucent doors, Taocaav's ghost, adept CeHu
Elf:2 5 runed translucent doors
Depths:1 exclusion: royal mummy
Hell Geryon


Innate Abilities, Weirdness & Mutations

You have very sharp teeth.
Your uncanny sense of smell can sniff out nearby items.
Your experience applies equally to all skills.
Your magical capacity is low. (-10% MP)
Potions are less effective at restoring your health.


Message History

4 stones; a +2 short sword of holy wrath
There is a stone staircase leading up here.
You climb upwards.
There is a stone staircase leading down here.
There is a stone staircase leading up here.
You climb upwards.
There is a stone staircase leading down here.
There is a stone staircase leading up here.
You climb upwards.
There is a stone staircase leading down here.
You see here a +0 dagger.
Your infernal black sun grins greedily, jangling a coin purse.
The torturous demonspawn stares, then turns away, jangling a coin purse.
A torturous demonspawn and a black sun come into view.
The torturous demonspawn is wielding a +0 demon trident of venom.
Unknown command.
There is a stone staircase leading up here.
You climb upwards.
There is a stone staircase leading down here.
There is a stone staircase leading up here.
You climb upwards.
There is a stone staircase leading down here.
There is an open door here.
There is an open door here.
A sixfirhy comes into view.
Unknown command.
You thump the sixfirhy!
The sixfirhy convulses.
You block the sixfirhy's attack.
You hit the sixfirhy.
The sixfirhy convulses!
The sixfirhy closely misses you. You block the sixfirhy's attack.
The sixfirhy closely misses you.
You thump the sixfirhy!
You kill the sixfirhy!
You now have 140 gold pieces (gained 5).
A Tzitzimitl comes into view.
The Tzitzimitl stares, then turns away, jangling a coin purse.
There is an open door here.
There is an open door here.
There is an open gate here.
There is a staircase leading out of the dungeon here.
You have escaped!

♣♣ ###### #..##.###.##... ♣♣♣
♣.♣♣♣♣ #⌠⌠#.###..#.[.##.##.##
############..#..................
..............#.###..#...##.##.##
..............### #...#.###.##.##
..##......##..# ###.......##...
..##......##..####♣♣#.###########
..............'..#.♣### #
..............'.@#.♣ #
..............'..#.♣ #
..##......##..####♣♣### #
..##......##..# ####.## #
..............# ##.....## ####
..............###.....[.## ##.##
#############'##.........####...#
♣♣♣ ♣♣♣♣♣♣ #.#'.........'.......
#############.##.........####...#


There were no monsters in sight!

Vanquished Creatures
  A pandemonium lord (D:8)
  Saint Roka (Depths:5)
  The ghost of Woadakig the Executioner, a veteran FoFi of Dithmenos (Crypt:1)
  3 curse toes
  Jory (Depths:5)
  Arachne (Spider:3)
  6 golden dragons
  3 electric golems
  A Brimstone Fiend (D:15)
  4 liches
  17 tentacled monstrosities
  2 Orb Guardians
  3 titans (Vaults:5)
  7 quicksilver dragons
  Gastronok (D:8)
  2 krakens
  3 death cobs
  6 ancient champions
  2 tentacled starspawn (Abyss:2)
  14 tengu reavers
  5 sphinxes
  Agnes (Spider:1)
  11 shadow dragons
  5 revenants
  8 storm dragons
  4 nagarajas (Depths:3)
  6 draconian monks
  The ghost of SweetAndFullOfGrace the Executioner, a journeyman MiBe of Trog (D:13)
  5 deep elf sorcerers
  10 ghost moths
  4 draconian scorchers
  4 iron dragons
  A caustic shrike zombie (Depths:1)
  12 fire giants
  Louise (D:14)
  A cacodemon (D:8)
  8 frost giants
  18 vault wardens
  A warmonger (D:9)
  A balrug (Depths:1)
  Aizul (Spider:4)
  6 emperor scorpions
  4 draconian stormcallers
  6 curse skulls
  4 draconian shifters
  21 ironbound preservers
  31 very ugly things
  A reaper (Crypt:2)
  9 ghouls
  5 war gargoyles
  5 draconian annihilators
  8 green draconians
  3 deep elf demonologists
  2 spriggan defenders (Depths:5)
  24 stone giants
  13 black draconians
  A spectral titan (Crypt:3)
  6 vampire knights
  3 minotaurs (Shoals:4)
  4 entropy weavers
  4 dire elephants (Vaults:1)
  12 spark wasps
  17 white draconians
  A bunyip (shapeshifter) (Vaults:2)
  3 deep elf annihilators
  9 red draconians
  5 halazid warlocks (Desolation)
  2 pale draconians (Depths:5)
  6 purple draconians
  5 deep elf death magi
  A crystal guardian (Desolation)
  2 merfolk javelineers (Shoals:4)
  9 yellow draconians
  8 eidola
  The ghost of Philosiphyzer the Grappler, a journeyman TrMo of Wu Jian (Orc:2)
  4 deep elf high priests
  7 jiangshi
  2 mummy priests (Crypt:1)
  6 merfolk impalers
  12 ettins
  7 fire dragons
  8 naga warriors (Depths:3)
  6 ragged hierophants (Desolation)
  13 great orbs of eyes
  19 yaktaur captains
  3 rakshasas
  Harold (D:7)
  11 ironbound thunderhulks
  40 vault guards
  10 ice dragons
  3 servants of whispers (Desolation)
  8 peacekeepers
  5 boulder beetles
  A monstrous demonspawn (D:9)
  Erolcha (Orc:2)
  3 ogre magi
  7 hydras
  3 merfolk avatars
  6 ironbound frosthearts
  2 spriggan air magi (Depths:5)
  4 catoblepae
  3 centaur warriors
  2 death knights
  A spectral stone giant (Crypt:3)
  An anaconda (Depths:3)
  17 two-headed ogres
  2 ghost crabs (Spider:4)
  2 alligator snapping turtles
  11 satyrs
  8 tengu warriors
  9 ironbound beastmasters
  11 deep troll shamans
  7 deep troll earth magi
  A storm dragon zombie (Crypt:1)
  2 thrashing horrors (Abyss:2)
  9 vampire magi
  7 spriggan berserkers
  Urug (Orc:1)
  5 orc high priests (Orc:2)
  A spectral death yak (Lair:6)
  11 hell knights
  5 deep elf knights
  4 soul eaters
  2 titan skeletons
  The ghost of JBAR the Covert, a novice KoBr of Cheibriados (D:9)
  6 sixfirhies
  16 shadow wraiths
  A spark wasp zombie (Depths:1)
  17 skeletal warriors
  A storm dragon skeleton (Crypt:2)
  64 deep trolls
  2 wretched stars (Abyss:2)
  15 iron trolls
  13 sea snakes
  4 glowing orange brains
  A spectral anaconda (Crypt:3)
  3 bog bodies
  A bunyip zombie (Crypt:3)
  21 lindwurms
  10 flayed ghosts
  19 wizards
  Pikel (D:4)
  28 phantasmal warriors
  27 ironbound convokers
  A swamp dragon (shapeshifter) (Vaults:5)
  A spectral wolf spider (Crypt:3)
  3 swamp dragons (Depths:5)
  5 deep elf archers
  16 deep elf zephyrmancers
  2 shadow dragon skeletons (Crypt:1)
  13 necromancers
  69 ugly things
  24 wolf spiders
  41 harpies
  A stone giant zombie (Depths:1)
  3 fire giant zombies
  A lindwurm (shapeshifter) (Depths:1)
  A wolf spider (shapeshifter) (Depths:4)
  A spectral fire dragon (Crypt:3)
  17 orb spiders
  4 orc knights
  3 cyclopes
  A spectral ice dragon (Crypt:3)
  2 frost giant zombies (Depths:1)
  17 deep elf pyromancers
  2 orc sorcerers
  21 fauns
  26 moths of wrath
  A moth of wrath (shapeshifter) (Depths:2)
  18 manticores
  A sphinx skeleton (Depths:1)
  A spectral centaur (D:13)
  A faun (shapeshifter) (Vaults:5)
  11 elephants
  5 merfolk sirens
  5 naga magi (Depths:3)
  3 black mambas
  5 water nymphs
  A fire giant skeleton (Crypt:2)
  9 guardian serpents
  A torpor snail (Spider:3)
  A frost giant skeleton (Crypt:1)
  27 vault sentinels
  7 cane toads
  A dire elephant zombie (Crypt:2)
  2 smoke demons (Depths:1)
  2 ice statues (IceCv)
  2 hellions
  2 catoblepas zombies (Crypt:3)
  3 orange demons (D:8)
  2 gargoyles (D:12)
  2 unseen horrors
  14 demonic crawlers
  13 komodo dragons
  22 yaktaurs
  An efreet (D:14)
  14 freezing wraiths
  6 tengu conjurers
  9 rime drakes
  An ice devil (D:8)
  2 anaconda simulacra (Crypt:2)
  A tormentor (Zot:3)
  7 guardian mummies
  35 merfolk
  8 large abominations
  An ancient zyme (Abyss:2)
  5 trolls
  33 jumping spiders
  A jumping spider (shapeshifter) (Elf:1)
  A wolf spider simulacrum (D:13)
  A death drake zombie (Crypt:3)
  A guardian serpent zombie (Crypt:1)
  3 tyrant leeches (Spider:4)
  8 hornets
  A snapping turtle (shapeshifter) (Vaults:5)
  41 saltlings (Desolation)
  23 blink frogs
  A satyr zombie (Crypt:3)
  5 polar bears
  19 snapping turtles
  A frost giant simulacrum (Crypt:3)
  3 raiju (Depths:2)
  6 wind drakes
  A boulder beetle zombie (Crypt:1)
  14 dream sheep
  2 fire dragon zombies
  A hydra skeleton (Crypt:3)
  A dream sheep (shapeshifter) (Vaults:5)
  A raiju (shapeshifter) (Depths:4)
  47 slime creatures
  2 deep troll zombies (Depths:1)
  4 ettin zombies
  A spectral elephant (Lair:6)
  A deep troll skeleton (Depths:1)
  4 centaur simulacra
  2 alligator skeletons (Crypt:2)
  15 flying skulls (Crypt:3)
  76 redbacks
  2 ice dragon skeletons
  2 dire elephant simulacra (Lair:6)
  Sigmund (D:2)
  2 air elementals
  3 starcursed masses (Abyss:2)
  2 ynoxinuls (Abyss:2)
  An ettin skeleton (Crypt:1)
  5 spriggans
  31 tarantellas
  8 wraiths
  A yak (shapeshifter) (Depths:3)
  A vampire (D:12)
  5 wyverns
  7 shadows
  16 water elementals
  63 yaks
  Grum (D:8)
  A fire elemental (Elf:2)
  4 steam dragons
  7 basilisks
  5 humans (D:10)
  2 chaos spawn (Depths:4)
  A death yak simulacrum (Lair:6)
  7 vampire mosquitoes (Spider:4)
  A warg (shapeshifter) (Vaults:2)
  4 nagas (Depths:3)
  2 wargs
  2 acid dragons
  3 hell hounds
  19 water moccasins
  A cane toad zombie (Crypt:1)
  A floating eye (Depths:4)
  A hydra simulacrum (Crypt:1)
  A meliai simulacrum (D:13)
  43 orc warriors
  3 elephant zombies (Lair:6)
  A black bear (D:5)
  2 sky beasts
  11 small abominations
  6 necrophages
  An ettin simulacrum (Depths:1)
  11 ogres
  25 wolves
  2 manticore skeletons
  8 centaurs
  7 kobold brigands
  2 draconian zombies
  18 bullfrogs
  3 scorpions
  3 earth elementals
  3 gnoll sergeants (D:9)
  A cyclops skeleton (Crypt:2)
  A queen bee zombie (Crypt:2)
  An elephant simulacrum (Lair:6)
  6 killer bees (D:10)
  4 lindwurm simulacra (IceCv)
  9 howler monkeys
  5 electric eels
  A crimson imp (Abyss:2)
  2 bullfrog zombies
  7 komodo dragon simulacra (IceCv)
  5 centaur zombies
  A jelly (D:6)
  31 orc priests
  2 hounds
  Crazy Yiuf (D:7)
  2 bullfrog skeletons (D:5)
  A black bear skeleton (Crypt:1)
  An iron imp (Abyss:2)
  3 iguanas
  A demonspawn skeleton (Crypt:1)
  11 orc wizards
  3 hell rats (Hell)
  A dwarf zombie (Crypt:2)
  A naga zombie (Crypt:3)
  2 hound skeletons
  5 mummies (Depths:1)
  Robin (D:4)
  8 adders
  14 gnolls
  3 acid dragon simulacra (IceCv)
  3 shadow imps
  7 steam dragon simulacra (IceCv)
  A worm (D:3)
  A barachi skeleton (Crypt:2)
  3 dart slugs
  89 orcs
  8 endoplasms
  2 giant cockroaches
  17 goblins
  13 hobgoblins
  4 jackals (D:4)
  36 kobolds
  5 quokkas
  7 ball pythons
  8 bats
  7 frilled lizards
  A goblin skeleton (Crypt:1)
  A jackal skeleton (D:4)
  An orc skeleton (Crypt:3)
  3 rats
  A spectral hobgoblin (D:9)
  A butterfly (D:6)
  2 starspawn tentacles (Abyss:2)
  7 tentacles
2564 creatures vanquished.

Vanquished Creatures (collateral kills)
  A dread lich (Zot:5)
  2 orbs of fire
  Sojobo (Depths:3)
  3 Killer Klowns (Zot:5)
  Nikola (Depths:3)
  An electric golem (Zot:5)
  A lich (Depths:3)
  11 Orb Guardians (Zot:5)
  2 storm dragons
  A draconian scorcher (Zot:5)
  A draconian stormcaller (Zot:5)
  A red draconian (Zot:4)
  A white draconian (Zot:5)
  A fire dragon (Depths:3)
  A spriggan (Depths:5)
  A necromancer (Depths:1)
  A moth of wrath (Zot:5)
  An unseen horror (Depths:4)
  A hornet (Depths:5)
  A tengu simulacrum (Depths:1)
  An ice dragon zombie (Depths:1)
  A water elemental (Depths:3)
  A human zombie (Depths:1)
37 creatures vanquished.

Vanquished Creatures (others)
  A dread lich (Vaults:5)
  A Killer Klown (Zot:5)
  A golden dragon (Zot:3)
  An electric golem (Zot:5)
  2 tentacled monstrosities
  7 Orb Guardians (Zot:5)
  A quicksilver dragon (Zot:5)
  A death cob (Zot:3)
  A fire giant (Depths:2)
  A ghost moth (Zot:4)
  A peacekeeper (Desolation)
  8 dancing weapons
  A two-headed ogre (D:14)
  2 deep elf pyromancers (Elf:2)
  2 deep elf zephyrmancers (Elf:1)
  2 wizards
  A manticore (Shoals:1)
  A moth of wrath (Zot:5)
  A water nymph (Shoals:4)
  An ice devil (Zot:5)
  A yaktaur (Vaults:2)
  A saltling (Desolation)
  A tyrant leech (Spider:4)
  2 tarantellas (Spider:4)
  A golden eye (Abyss:2)
  An acid dragon (Zot:2)
  A water moccasin (Depths:3)
  A hell rat (Hell)
  A gnoll (D:9)
  26 fungi
  A pillar of salt (Desolation)
  94 plants
  2 starspawn tentacles (Abyss:2)
  16 tentacles
  32 withered plants
218 creatures vanquished.

Grand Total: 2819 creatures vanquished

Notes
Turn   | Place    | Note
-------+----------+-------------------------------------------
     0 | D:1      | ardl the Gnoll Fighter began the quest for the Orb.
     0 | D:1      | Reached XP level 1. HP: 23/23 MP: 1/1
   413 | D:1      | Reached XP level 2. HP: 25/29 MP: 2/2
  1030 | D:1      | Reached XP level 3. HP: 31/35 MP: 3/3
  1351 | D:2      | Found a white marble altar of Elyvilon.
  1416 | D:2      | Found a faded altar of an unknown god.
  1475 | D:2      | Became a worshipper of Gozag Ym Sagoz the Greedy
  1516 | D:2      | Noticed Sigmund
  1966 | D:3      | Reached skill level 1 in Invocations
  2048 | D:3      | Reached skill level 1 in Short Blades
  2048 | D:3      | Reached skill level 1 in Long Blades
  2048 | D:3      | Reached skill level 1 in Maces & Flails
  2048 | D:3      | Reached skill level 1 in Polearms
  2048 | D:3      | Reached skill level 1 in Staves
  2048 | D:3      | Reached skill level 1 in Slings
  2048 | D:3      | Reached skill level 1 in Bows
  2048 | D:3      | Reached skill level 1 in Crossbows
  2048 | D:3      | Reached skill level 1 in Throwing
  2048 | D:3      | Reached skill level 1 in Dodging
  2048 | D:3      | Reached skill level 1 in Stealth
  2048 | D:3      | Reached skill level 1 in Unarmed Combat
  2048 | D:3      | Reached skill level 1 in Spellcasting
  2048 | D:3      | Reached skill level 1 in Evocations
  2048 | D:3      | Reached XP level 4. HP: 32/41 MP: 5/5
  2243 | D:3      | Found a stormy altar of Qazlal.
  2247 | D:3      | Noticed a scorpion
  2269 | D:3      | Killed a scorpion
  2270 | D:3      | Reached skill level 1 in Conjurations
  2270 | D:3      | Reached skill level 1 in Hexes
  2270 | D:3      | Reached skill level 1 in Summonings
  2270 | D:3      | Reached skill level 1 in Necromancy
  2270 | D:3      | Reached skill level 1 in Translocations
  2270 | D:3      | Reached skill level 1 in Transmutations
  2270 | D:3      | Reached skill level 1 in Fire Magic
  2270 | D:3      | Reached skill level 1 in Ice Magic
  2270 | D:3      | Reached skill level 1 in Air Magic
  2270 | D:3      | Reached skill level 1 in Earth Magic
  2270 | D:3      | Reached skill level 1 in Poison Magic
  2270 | D:3      | Reached XP level 5. HP: 14/47 MP: 5/7
  2580 | D:3      | Found an ancient bone altar of Kikubaaqudgha.
  2580 | D:3      | Found a hide-covered altar of Uskayaw.
  3084 | D:4      | Noticed Robin
  3130 | D:4      | Killed Robin
  3295 | D:4      | Reached XP level 6. HP: 39/53 MP: 8/8
  3413 | D:4      | Noticed a steam dragon
  3431 | D:4      | Killed a steam dragon
  3431 | D:4      | HP: 2/53 [iguana (3)]
  3432 | D:4      | Reached skill level 5 in Axes
  3763 | D:4      | Found Ighuca's Lightly-Used Armoury.
  3935 | D:4      | Noticed an orc warrior
  3953 | D:4      | Killed an orc warrior
  3954 | D:4      | Reached XP level 7. HP: 31/60 MP: 10/10
  4142 | D:4      | Noticed Pikel
  4160 | D:4      | Killed Pikel
  4161 | D:4      | Reached XP level 8. HP: 27/67 MP: 10/12
  4767 | D:5      | Entered Level 5 of the Dungeon
  5266 | D:5      | Found Muwuukhly's Antique Armour Shop.
  5692 | D:6      | Found Cuolic's Jewellery Emporium.
  5826 | D:6      | Found a staircase to the Ecumenical Temple.
  6018 | D:6      | Reached XP level 9. HP: 72/72 MP: 14/14
  6166 | Temple   | Entered the Ecumenical Temple
  7202 | D:7      | Noticed a hornet
  7207 | D:7      | Killed a hornet
  7850 | D:7      | Noticed Harold
  7869 | D:7      | Killed Harold
  7870 | D:7      | Reached skill level 5 in Invocations
  7870 | D:7      | Reached XP level 10. HP: 52/80 MP: 15/17
  8033 | D:7      | Reached skill level 5 in Short Blades
  8033 | D:7      | Reached skill level 5 in Long Blades
  8033 | D:7      | Reached skill level 5 in Maces & Flails
  8033 | D:7      | Reached skill level 5 in Polearms
  8033 | D:7      | Reached skill level 5 in Staves
  8033 | D:7      | Reached skill level 5 in Slings
  8033 | D:7      | Reached skill level 5 in Bows
  8033 | D:7      | Reached skill level 5 in Crossbows
  8033 | D:7      | Reached skill level 5 in Throwing
  8033 | D:7      | Reached skill level 5 in Dodging
  8033 | D:7      | Reached skill level 5 in Stealth
  8033 | D:7      | Reached skill level 5 in Unarmed Combat
  8033 | D:7      | Reached skill level 5 in Spellcasting
  8033 | D:7      | Reached skill level 5 in Evocations
  8416 | D:7      | Found a runed translucent door.
  8417 | D:7      | Noticed Crazy Yiuf
  8525 | D:7      | Killed Crazy Yiuf
  8984 | D:8      | Noticed Grum
  9009 | D:8      | Killed Grum
  9021 | D:8      | Noticed Gastronok
  9282 | D:8      | Found a runed translucent gate.
  9283 | D:8      | Found a runed translucent gate.
  9286 | D:8      | Found a runed translucent gate.
  9296 | D:8      | Noticed frimble's ghost (novice OpVM)
  9296 | D:8      | Noticed sixthgate's ghost (novice GnWn)
 10020 | D:9      | Noticed a green ugly thing
 10138 | D:9      | Killed a green ugly thing
 10315 | D:9      | Found a hazy altar of Hepliaklqana.
 10339 | D:9      | Found a snail-covered altar of Cheibriados.
 10352 | D:9      | Found a sparkling altar of Nemelex Xobeh.
 10352 | D:9      | Noticed a two-headed ogre
 10362 | D:9      | Reached XP level 11. HP: 87/87 MP: 19/19
 10518 | D:9      | Killed a two-headed ogre
 10560 | D:8      | Reached skill level 5 in Conjurations
 10560 | D:8      | Reached skill level 5 in Hexes
 10560 | D:8      | Reached skill level 5 in Summonings
 10560 | D:8      | Reached skill level 5 in Necromancy
 10560 | D:8      | Reached skill level 5 in Translocations
 10560 | D:8      | Reached skill level 5 in Transmutations
 10560 | D:8      | Reached skill level 5 in Fire Magic
 10560 | D:8      | Reached skill level 5 in Ice Magic
 10560 | D:8      | Reached skill level 5 in Air Magic
 10560 | D:8      | Reached skill level 5 in Earth Magic
 10560 | D:8      | Reached skill level 5 in Poison Magic
 12451 | D:9      | Found a staircase to the Orcish Mines.
 12597 | D:9      | Found a runed translucent door.
 12598 | D:9      | Noticed JBAR's ghost (novice KoBr)
 12599 | D:9      | Identified the +10 trident of a bailey {vorpal, Will+}
 13582 | D:9      | Saving game... please wait.
 13609 | D:10     | Entered Level 10 of the Dungeon
 14285 | D:10     | Reached XP level 12. HP: 83/96 MP: 22/22
 14390 | D:10     | Found a bloodstained altar of Trog.
 14919 | D:8      | Killed Gastronok
 15694 | D:9      | Killed JBAR's ghost
 15763 | D:11     | Noticed a four-headed hydra
 15770 | D:11     | Killed a four-headed hydra
 16024 | D:11     | Found a staircase to the Lair.
 16059 | D:11     | Noticed a four-headed hydra
 16066 | D:11     | Killed a four-headed hydra
 16067 | D:11     | Reached skill level 10 in Fighting
 16067 | D:11     | Reached skill level 10 in Armour
 16067 | D:11     | Reached skill level 10 in Shields
 16620 | D:11     | Learned a level 4 spell: Passage of Golubria
 16656 | D:11     | Identified the amulet of Jauteusy {Reflect Regen+ Dex+7
                  | SH+5}
 16780 | Lair:1   | Entered Level 1 of the Lair of Beasts
 16979 | Lair:1   | Reached XP level 13. HP: 97/103 MP: 24/24
 17805 | Lair:2   | Found a hole to the Spider Nest.
 17997 | Lair:2   | You fall into a shaft and drop 2 floors!
 18422 | Lair:3   | Identified the +4 arbalest of Novuep {elec, rN+}
 18441 | Lair:3   | Found a staircase to the Shoals.
 19483 | Lair:4   | Reached XP level 14. HP: 111/111 MP: 26/26
 19528 | Lair:4   | Reached skill level 10 in Axes
 20382 | Lair:5   | Identified the +8 trident of Ataut {flame, Int+4}
 20389 | Lair:5   | Reached skill level 10 in Invocations
 20942 | Lair:6   | Entered Level 6 of the Lair of Beasts
 21346 | Lair:6   | Identified the +6 dagger "Oxtabluw" {vorpal, rF++ Str+6}
 21510 | Lair:6   | Noticed a dire elephant
 21938 | Lair:6   | Found a staircase to the Slime Pits.
 22048 | Lair:6   | Learned a level 2 spell: Wereblood
 22063 | Lair:6   | Bought a pair of embroidered gloves for 150 gold pieces
 22077 | Lair:6   | Bought a slimy chain mail for 190 gold pieces
 22077 | Lair:6   | Identified the +4 chain mail of the Unbroken {rElec Int+3}
                  | (You bought it in a shop on level 6 of the Lair of Beasts)
 22092 | Lair:6   | Bought a runed kite shield for 150 gold pieces
 22262 | D:12     | Found a frozen archway.
 22279 | IceCv    | Entered an ice cave
 22580 | IceCv    | Noticed a white draconian
 22585 | IceCv    | Reached XP level 15. HP: 119/119 MP: 25/28
 22642 | IceCv    | Identified the amulet "Tiusi" {RegenMP rPois Str+3}
 23687 | D:13     | Reached skill level 10 in Short Blades
 23687 | D:13     | Reached skill level 10 in Long Blades
 23687 | D:13     | Reached skill level 10 in Maces & Flails
 23687 | D:13     | Reached skill level 10 in Polearms
 23687 | D:13     | Reached skill level 10 in Staves
 23687 | D:13     | Reached skill level 10 in Slings
 23687 | D:13     | Reached skill level 10 in Bows
 23687 | D:13     | Reached skill level 10 in Crossbows
 23687 | D:13     | Reached skill level 10 in Throwing
 23687 | D:13     | Reached skill level 10 in Dodging
 23687 | D:13     | Reached skill level 10 in Stealth
 23687 | D:13     | Reached skill level 10 in Unarmed Combat
 23687 | D:13     | Reached skill level 10 in Spellcasting
 23687 | D:13     | Reached skill level 10 in Evocations
 23785 | D:13     | Found a runed translucent gate.
 23785 | D:13     | Found a runed translucent gate.
 23788 | D:13     | Found a runed translucent gate.
 23791 | D:13     | Noticed SweetAndFullOfGrace's ghost (journeyman MiBe)
 23936 | D:13     | Found a gate to the Vaults.
 24171 | D:14     | Noticed Louise
 24289 | Orc:1    | Entered Level 1 of the Orcish Mines
 24338 | Orc:1    | Found a flagged portal.
 24345 | Orc:1    | Identified the +5 hand axe of the Destroying Fool {elec,
                  | *Slow rF+++ rCorr Dex-4}
 24399 | Bailey   | Entered a bailey
 24961 | Orc:1    | Noticed Urug
 24971 | Orc:1    | Killed Urug
 25404 | Orc:2    | Entered Level 2 of the Orcish Mines
 25581 | Orc:2    | Found a runed translucent door.
 25588 | Orc:2    | Found a shimmering altar of Xom.
 25588 | Orc:2    | Noticed Philosiphyzer's ghost (journeyman TrMo)
 25720 | Orc:2    | Found a staircase to the Elven Halls.
 26006 | Orc:2    | Noticed Erolcha
 26269 | Orc:2    | Killed Erolcha
 26320 | Orc:2    | Found Qasi Ahe's Distillery.
 26323 | Orc:2    | Found Assosup's Antique Armour Boutique.
 26324 | Orc:2    | Found Coimut Zuem's General Store.
 26325 | Orc:2    | Found Utesaotz's Magic Scroll Shop.
 26331 | Orc:2    | Bought a scroll of enchant armour for 90 gold pieces
 26331 | Orc:2    | Bought a scroll of brand weapon for 240 gold pieces
 26337 | Orc:2    | Bought a potion of haste for 130 gold pieces
 26337 | Orc:2    | Bought a potion of invisibility for 104 gold pieces
 26337 | Orc:2    | Bought a potion of heal wounds for 65 gold pieces
 26337 | Orc:2    | Bought a potion of resistance for 130 gold pieces
 26407 | Orc:2    | Saving game... please wait.
 26556 | D:4      | Bought -1 gold dragon scales for 750 gold pieces
 26762 | Spider:1 | Entered Level 1 of the Spider Nest
 27081 | Spider:1 | Got Further Progress in Wizardry
 27145 | Spider:1 | Noticed an emperor scorpion
 27197 | Spider:1 | Killed an emperor scorpion
 27312 | Spider:1 | Found a large runed translucent door.
 27312 | Spider:1 | Found a large runed translucent door.
 27339 | Spider:1 | Noticed Agnes
 27349 | Spider:1 | Killed Agnes
 27350 | Spider:1 | Reached XP level 16. HP: 127/127 MP: 30/30
 28081 | Spider:1 | Noticed Taocaav's ghost (adept CeHu)
 28959 | Spider:2 | Identified the +2 buckler of Pynwosi {Int+2 Stlth+}
 30679 | Spider:3 | Noticed Arachne
 30711 | Spider:3 | Killed Arachne
 30896 | Spider:4 | Entered Level 4 of the Spider Nest
 31146 | Spider:4 | Reached XP level 17. HP: 135/135 MP: 32/32
 31498 | Spider:4 | Noticed Aizul
 31522 | Spider:4 | Killed Aizul
 32472 | Spider:4 | Got a gossamer rune of Zot
 32648 | Spider:4 | Saving game... please wait.
 32759 | Shoals:1 | Entered Level 1 of the Shoals
 32761 | Shoals:1 | Found a shadowy altar of Dithmenos.
 33345 | Shoals:1 | Reached skill level 10 in Conjurations
 33345 | Shoals:1 | Reached skill level 10 in Hexes
 33345 | Shoals:1 | Reached skill level 10 in Summonings
 33345 | Shoals:1 | Reached skill level 10 in Necromancy
 33345 | Shoals:1 | Reached skill level 10 in Translocations
 33345 | Shoals:1 | Reached skill level 10 in Transmutations
 33345 | Shoals:1 | Reached skill level 10 in Fire Magic
 33345 | Shoals:1 | Reached skill level 10 in Ice Magic
 33345 | Shoals:1 | Reached skill level 10 in Air Magic
 33345 | Shoals:1 | Reached skill level 10 in Earth Magic
 33345 | Shoals:1 | Reached skill level 10 in Poison Magic
 34161 | Shoals:2 | Noticed a kraken
 34174 | Shoals:2 | Killed a kraken
 34268 | Shoals:2 | Saving game... please wait.
 34371 | Shoals:3 | Noticed a kraken
 34410 | Shoals:3 | Killed a kraken
 34411 | Shoals:3 | Reached XP level 18. HP: 104/143 MP: 33/33
 35351 | Shoals:4 | Entered Level 4 of the Shoals
 35813 | Shoals:4 | Identified the ring "Omeuc" {+Blink rPois rF+ rN+}
 36114 | Shoals:4 | Reached XP level 19. HP: 151/151 MP: 35/35
 36247 | Shoals:4 | Identified the +6 shortbow "Adyekakh" {vorpal, rF+++ Int+5}
 36247 | Shoals:4 | Identified the ring "Gaunied" {rElec rN+ Dex+4}
 36296 | Shoals:4 | Got a barnacled rune of Zot
 36619 | Vaults:1 | Entered Level 1 of the Vaults
 38279 | Vaults:2 | Reached XP level 20. HP: 155/160 MP: 37/37
 38283 | Vaults:2 | Identified the +2 arbalest of Jesualut {elec, Str+4}
 39484 | Vaults:2 | Found Zokkoubuic's Assorted Antiques.
 39489 | Vaults:2 | Bought a scroll of teleportation for 96 gold pieces
 39538 | Vaults:2 | Found the +9 heavy crossbow "Sniper" {vorpal, Acc+∞ SInv}
 39556 | Vaults:2 | Got the Almanac of the Voyage
 40091 | Vaults:3 | Reached XP level 21. HP: 154/167 MP: 38/38
 40252 | Vaults:3 | Reached skill level 15 in Fighting
 40252 | Vaults:3 | Reached skill level 15 in Armour
 40252 | Vaults:3 | Reached skill level 15 in Shields
 40358 | Vaults:3 | Found a staircase to the Crypt.
 40358 | Vaults:3 | Found a basalt altar of Yredelemnul.
 40358 | Vaults:3 | Found an ancient bone altar of Kikubaaqudgha.
 40496 | Vaults:3 | Cast into level 2 of the Abyss (a wizard)
 40589 | Abyss:2  | Reached skill level 15 in Invocations
 40868 | Vaults:3 | Escaped the Abyss
 41813 | Vaults:4 | Identified the amulet of Buhayxa {Reflect *Slow +Blink
                  | Regen+ rCorr SH+5}
 41907 | Vaults:4 | Found Itheh's Distillery.
 41915 | Vaults:4 | Bought a potion of mutation for 152 gold pieces
 41915 | Vaults:4 | Bought a potion of cancellation for 152 gold pieces
 41915 | Vaults:4 | Bought a potion of heal wounds for 95 gold pieces
 41915 | Vaults:4 | Bought a potion of heal wounds for 95 gold pieces
 42425 | Vaults:4 | Reached XP level 22. HP: 100/176 MP: 40/40
 42623 | Vaults:4 | Identified a scroll of acquirement
 42624 | Vaults:4 | Acquired 1361 gold pieces
 42798 | Vaults:4 | Saving game... please wait.
 43063 | Elf:1    | Entered Level 1 of the Elven Halls
 43090 | Elf:1    | Reached skill level 15 in Axes
 43179 | Elf:1    | Found Newkanog's Distillery.
 43187 | Elf:1    | Bought 3 potions of haste for 570 gold pieces
 43188 | Elf:1    | Found a crumbling gateway.
 43210 | Desolati | Entered the Desolation of Salt
 43366 | Desolati | Identified the +9 rapier of Dithmenos's Envy {freeze, rPois
                  | rN+}
 43375 | Desolati | Identified the ring of Uskayaw's Scorn {rElec Slay+4}
 43377 | Desolati | Got the Catalogue of the Entourage and Lightness
 43473 | Desolati | Got the Catalogue of Mutagenic Poisoning
 43480 | Desolati | Identified the +1 cloak "Yrepiune" {Dex+6}
 43774 | Desolati | Identified the amulet "Zegeiqat" {Harm rElec rN++ Regen+
                  | Int-2}
 43782 | Desolati | Identified the ring "Lomegeil" {Contam rC+ Int+6 Dex+7}
 43783 | Desolati | Identified the amulet "Unocilerph" {Spirit rElec rF+ Regen+
                  | Stlth-}
 44428 | Elf:1    | Got the Grimoire of Battle Magic
 44642 | Elf:1    | Paralysed by an air elemental for 1 turns
 45074 | Elf:2    | Found a shimmering blue altar of Sif Muna.
 45416 | Elf:2    | Found a huge runed translucent gate.
 45416 | Elf:2    | Found a huge runed translucent gate.
 45416 | Elf:2    | Found a huge runed translucent gate.
 45416 | Elf:2    | Found a huge runed translucent gate.
 45424 | Elf:2    | Found a huge runed translucent gate.
 45803 | Orc:2    | Bought a +0 helmet of intelligence for 161 gold pieces
 45896 | Orc:2    | Killed Philosiphyzer's ghost
 45903 | Orc:2    | Identified the ring "Burac" {*Corrode rC+ Str+2 Int+4
                  | Stlth+}
 45906 | Orc:2    | Saving game... please wait.
 46153 | D:2      | Found an opulent altar of Gozag.
 46190 | D:2      | Killed Sigmund
 46332 | D:2      | Found a white marble altar of Elyvilon.
 46811 | Lair:6   | Bought a bloodstained ring mail for 180 gold pieces
 46811 | Lair:6   | Identified the +0 ring mail of Submission {rPois} (You
                  | bought it in a shop on level 6 of the Lair of Beasts)
 46812 | Lair:6   | Bought a bloodstained scale mail for 180 gold pieces
 46812 | Lair:6   | Identified the +4 scale mail "Ycua" {Harm rC- Slay+3
                  | Stlth+} (You bought it in a shop on level 6 of the Lair of
                  | Beasts)
 47072 | Orc:2    | Bought a heavily runed scale mail for 225 gold pieces
 47072 | Orc:2    | Identified the +10 scale mail of Trial and Error {rElec
                  | Int+7} (You bought it in a shop on level 2 of the Orcish
                  | Mines)
 47109 | Orc:2    | Learned a level 6 spell: Invisibility
 47115 | Orc:2    | Learned a level 5 spell: Manifold Assault
 47362 | D:14     | Killed Louise
 47456 | D:14     | Found a broken altar of Ashenzari.
 47861 | D:13     | Killed SweetAndFullOfGrace's ghost
 47911 | D:13     | Learned a level 5 spell: Summon Mana Viper
 47911 | D:13     | Saving game... please wait.
 47958 | D:15     | Entered Level 15 of the Dungeon
 48143 | D:15     | Reached XP level 23. HP: 183/183 MP: 41/41
 48467 | D:15     | Found a staircase to the Depths.
 48741 | D:15     | Reached skill level 15 in Short Blades
 48741 | D:15     | Reached skill level 15 in Long Blades
 48741 | D:15     | Reached skill level 15 in Maces & Flails
 48741 | D:15     | Reached skill level 15 in Polearms
 48741 | D:15     | Reached skill level 15 in Staves
 48741 | D:15     | Reached skill level 15 in Slings
 48741 | D:15     | Reached skill level 15 in Bows
 48741 | D:15     | Reached skill level 15 in Crossbows
 48741 | D:15     | Reached skill level 15 in Throwing
 48741 | D:15     | Reached skill level 15 in Dodging
 48741 | D:15     | Reached skill level 15 in Stealth
 48741 | D:15     | Reached skill level 15 in Unarmed Combat
 48741 | D:15     | Reached skill level 15 in Spellcasting
 48741 | D:15     | Reached skill level 15 in Evocations
 48995 | Depths:1 | Entered Level 1 of the Depths
 49226 | Depths:1 | Found a gateway to a ziggurat.
 49614 | Depths:1 | Found a gateway to Hell.
 49998 | Depths:1 | Found a one-way gate to the infinite horrors of the Abyss.
 50448 | Depths:1 | Noticed a royal mummy
 50678 | Depths:2 | Found the +8 arc blade {discharge, rElec}
 51828 | Depths:3 | Reached XP level 24. HP: 191/193 MP: 33/42
 52221 | Depths:3 | Noticed Sojobo
 52225 | Depths:3 | Found a shadowy altar of Dithmenos.
 52247 | Depths:3 | Killed Sojobo
 52424 | Depths:3 | Noticed Nikola
 52435 | Depths:3 | Killed Nikola
 52926 | Depths:3 | Found a one-way gate leading to the halls of Pandemonium.
 53845 | Depths:4 | Identified the +4 rapier "Ofor" {flame, rElec}
 54429 | Depths:4 | Identified the ring of Twilight {Int+2 SInv}
 54540 | Depths:4 | Identified the ring of Scepticism {rF- rC+ Will+ Str+3}
 54565 | Depths:4 | Identified the ring "Dezoamn" {rPois AC+4 Str+6 Dex+2
                  | Stlth-}
 54569 | Depths:4 | Identified the ring "Myes" {rPois MP+9}
 54829 | Depths:4 | Found Foyn Hou's Jewellery Emporium.
 54829 | Depths:4 | Found Rija Kocw's Book Shop.
 54831 | Depths:4 | Found Rukkaept's Jewellery Emporium.
 54949 | Depths:5 | Entered Level 5 of the Depths
 54987 | Depths:5 | Reached XP level 25. HP: 182/201 MP: 13/43
 55181 | Depths:5 | Noticed Saint Roka
 55216 | Depths:5 | Killed Saint Roka
 55607 | Depths:5 | Found a gate to the Realm of Zot.
 55854 | Depths:5 | Identified the +4 hunting sling of Mon Gyty {vorpal, Str+4}
 55912 | Depths:5 | Noticed Jory
 55949 | Depths:5 | Killed Jory
 56181 | Depths:5 | Found a stormy altar of Qazlal.
 56589 | Depths:5 | Acquired the +4 kite shield of Grace {Stlth+}
 56862 | Depths:5 | Saving game... please wait.
 57168 | Vaults:5 | Entered Level 5 of the Vaults
 57214 | Vaults:5 | Noticed a dread lich
 57241 | Vaults:5 | Killed a dread lich
 57391 | Vaults:5 | Reached XP level 26. HP: 206/209 MP: 34/43
 57483 | Vaults:5 | Identified the +6 short sword "Qibomm" {vorpal, rElec rC+}
 57739 | Vaults:5 | Identified the ring "Xausom" {rElec rF+++ Will+ rCorr
                  | Dex-4}
 57852 | Vaults:5 | Learned a level 2 spell: Blink
 58436 | Vaults:5 | Found the +27 Lear's hauberk
 58438 | Vaults:5 | Identified the +1 helmet of Whack-A-Mole {-Tele Harm Fly
                  | Regen+ Stlth+}
 58458 | Vaults:5 | Got Sif Muna's Grimoire of Displaced Confrontation
 58701 | Vaults:5 | Found the +2 ratskin cloak {*Rats rPois rN+ Str-1 Int-1
                  | Dex+1}
 58822 | Vaults:5 | Found the +2 cloak of the Thief {*Fog Slay-2 SInv Stlth+}
 59123 | Crypt:1  | Entered Level 1 of the Crypt
 59131 | Crypt:1  | Learned a level 6 spell: Statue Form
 59327 | Crypt:1  | Found a runed translucent door.
 59332 | Crypt:1  | Noticed Woadakig's ghost (veteran FoFi)
 59770 | Crypt:1  | Paralysed by something for 2 turns
 60255 | Crypt:1  | Identified the +12 war axe "Mesuovur" {antimagic, Fly rF-
                  | rC+ rN+}
 60532 | Crypt:1  | Found an ancient bone altar of Kikubaaqudgha.
 60763 | Crypt:1  | Killed Woadakig's ghost
 60881 | Crypt:2  | Reached XP level 27. HP: 208/217 MP: 43/44
 62017 | Crypt:3  | Entered Level 3 of the Crypt
 62190 | Crypt:2  | Reached skill level 15 in Conjurations
 62190 | Crypt:2  | Reached skill level 15 in Hexes
 62190 | Crypt:2  | Reached skill level 15 in Summonings
 62190 | Crypt:2  | Reached skill level 15 in Necromancy
 62190 | Crypt:2  | Reached skill level 15 in Translocations
 62190 | Crypt:2  | Reached skill level 15 in Transmutations
 62190 | Crypt:2  | Reached skill level 15 in Fire Magic
 62190 | Crypt:2  | Reached skill level 15 in Ice Magic
 62190 | Crypt:2  | Reached skill level 15 in Air Magic
 62190 | Crypt:2  | Reached skill level 15 in Earth Magic
 62190 | Crypt:2  | Reached skill level 15 in Poison Magic
 62609 | Crypt:3  | Found a staircase to the Tomb.
 63092 | Crypt:3  | Acquired 924 gold pieces
 63376 | Crypt:3  | Found an ancient bone altar of Kikubaaqudgha.
 63936 | Crypt:3  | Identified the ring of Kuujetwe {rPois rF++ rC- rN+ Dex+3}
 63936 | Crypt:3  | Identified the ring of Ijedoe {+Blink Fly rPois rN+ Dex-5}
 63943 | Crypt:3  | Identified the +5 dagger "Ywof" {chaos, rN+ Will- Int+3}
 64279 | Crypt:3  | Identified the ring of the City {Ice Str+3}
 64440 | Crypt:3  | Saving game... please wait.
 64625 | Vaults:5 | Got a silver rune of Zot
 64862 | Hell     | Entered the Vestibule of Hell
 64862 | Hell     | Noticed Geryon
 65174 | Zot:1    | Entered Level 1 of the Realm of Zot
 65760 | Zot:1    | Noticed an orb of fire
 65784 | Zot:1    | Gained mutation: Your magical capacity is low. (-10% MP)
                  | [an orb of fire]
 65785 | Zot:1    | Killed an orb of fire
 66554 | Vaults:4 | Bought a Grand Grimoire for 646 gold pieces
 66562 | Vaults:4 | Learned a level 7 spell: Malign Gateway
 66570 | Vaults:4 | Learned a level 7 spell: Haunt
 68925 | Zot:3    | Paralysed by a Zot trap for 2 turns
 69342 | Zot:3    | You fall into a shaft and drop 1 floor!
 71993 | Zot:5    | Entered Level 5 of the Realm of Zot
 72077 | Zot:5    | Noticed an orb of fire
 72077 | Zot:5    | Noticed an orb of fire
 72078 | Zot:5    | Noticed an orb of fire
 72079 | Zot:5    | Noticed a dread lich
 72079 | Zot:5    | Noticed an orb of fire
 72079 | Zot:5    | Noticed a dread lich
 72096 | Zot:5    | Noticed an orb of fire
 72097 | Zot:5    | Got the Orb of Zot
 72103 | Zot:5    | Killed an orb of fire
 72133 | Zot:5    | Killed a dread lich
 72245 | Zot:1    | Noticed Sefait the pandemonium lord
 72669 | D:8      | Gained mutation: Potions are less effective at restoring
                  | your health. [a cacodemon]
 72697 | D:8      | Noticed Jesesk the pandemonium lord
 72713 | D:8      | Killed Jesesk the pandemonium lord
 72944 | D:$      | Escaped with the Orb!

Illustrated notes

Levels and vault maps discovered:
D:1:      beargit_arrival_diablo_church, layout_loops_corners
D:2:      layout_rooms, basic_ecumenical_altar, basic_altar, uniq_sigmund
D:3:      layout_basic, amethyst_overflow_temple_binary,
          mainiacjoe_overflow_paths, minmay_cupped
D:4:      layout_gridville, minmay_shop_damaged, amethyst_killhole,
          minmay_misc_feat_enclosed, uniq_robin, uniq_pikel
D:5:      layout_loops_ring, serial_shops, nicolae_square_shop
D:6:      layout_basic, minmay_temple_entry_butterflies, serial_shops,
          shop_coins
D:7:      layout_loops_cross, minivault_14, uniq_harold, uniq_crazy_yiuf_cottage
D:8:      layout_layer_cave, gammafunk_ghost_cemetery,
          small_statue_intersection, uniq_grum, uniq_gastronok
D:9:      layout_irregular_city, kennysheep_little_box,
          nicolae_hepliaklqana_monster_ancestors,
          mainiacjoe_overflow_tiny_flanked,
          kennysheep_orc_monster_closet_entryway, ebering_ghost_funeral_grove,
          lemuel_flamethrower_2
D:10:     layout_cave_pools, trog_hazing_becter, minmay_ruffians
D:11:     layout_small_grid, lair_entry_dummy, minmay_lindwurm_lava
D:12:     layout_irregular_city, portal_ice_cave_rime
D:13:     layout_long_grid, erik_vaults_2, gammafunk_ghost_necromancy
D:14:     layout_rooms, cheibrodos_ashenzari_chains, minivault_23, uniq_louise
D:15:     grunt_enter_depths_hoard, layout_gridville, corner_web_ring
Temple:   regret_index_temple_generic_petals
Lair:1:   layout_loops_ring, grunt_megastairs_4
Lair:2:   layout_cave_shapes, nicolae_spider_entry_orb_guardian
Lair:3:   layout_loops_ring, elwin_shoals_entry_stream, beast_lair_carwin_2,
          lemuel_fruit_tree
Lair:4:   layout_gridlike, grunt_megastairs_5
Lair:5:   layout_misc_corridors
Lair:6:   due_jungle_book, layout_gridlike, dpeg_slime_entry_corner
Shoals:1: layout_shoals, lemuel_altar_in_water, nicolae_shoals_lost_giant_hut
Shoals:2: layout_shoals
Shoals:3: nzn_motion_control, layout_shoals
Shoals:4: shoals_end_hellmonk_lost_city
Spider:1: layout_chambers, ebering_ghost_disaster_area, nicolae_spider_orb_run,
          uniq_agnes
Spider:2: layout_chambers, hangedman_spider_tarantella_strand
Spider:3: layout_spider_delve, nicolae_spider_moth_buddies, uniq_arachne
Spider:4: guppyfry_spider_rune, nicolae_spider_swamp_cousins, uniq_aizul
Orc:1:    layout_caves, enter_bailey_2, mines_bat_river, uniq_urug
Orc:2:    st_orc_pillars, layout_diamond_mine, basic_altar, ebering_ghost_xom,
          rock_pile, uniq_erolcha
Elf:1:    eino_elf_arrival_shootout, layout_rooms, portal_desolation_entry_ruin,
          serial_shops, nicolae_shop_crystal, evilmike_minifort,
          minmay_elf_annihilation
Elf:2:    elven_hall_of_blades_hangedman_alternative
          [nooodl_blade_entry_preview], layout_geoelf_grid, basic_altar
Vaults:1: hangedman_vaults_stagger, nicolae_vaults_angled_halls, v_rooms_6,
          hangedman_vaults_slice, v_misc_29, vaults_standard_mumra_x,
          st_hourglassy, nicolae_vaults_mini_display_case,
          ontoclasm_vaults_gateway, vaults_room_ringed_pool,
          layout_vaults_omnicross
Vaults:2: nicolae_vaults_sealed_display, v_pattern_3,
          minmay_guarded_unrand_secular_launcher, vaults_room_semicircle,
          ontoclasm_vaults_chip, v_misc_10, nicolae_vaults_specimen_jars,
          nicolae_vaults_yaktaur_gun_rack, v_misc_8, nicolae_vaults_big_ls,
          nicolae_vaults_ring_of_whatevers, layout_vaults_omnigrid,
          serial_shops, shop
Vaults:3: vaults_room_door_hall, ontoclasm_vaults_decontamination,
          vaults_mumra_minichess, v_misc_17, vaults_mumra_hex,
          grunt_vaults_twisty, minmay_crypt_entry_necro_gods,
          vaults_room_hangedman_quadrants, vaults_dpeg_hooks,
          hangedman_vaults_stitches, nicolae_vaults_twisting_passages,
          nicolae_vaults_little_squares_3, layout_vaults_big_room
Vaults:4: vaults_dpeg_spiral, nicolae_vaults_three_branches,
          vaults_mumra_chevron, dpeg_vaults_monster_box, v_misc_25, v_misc_24,
          grunt_vaults_bifocal, vaults_dpeg_doors, v_alt_pattern_2,
          vaults_room_pool, v_misc_4, vaults_standard_mumra_lines, v_misc_16,
          v_alt_pattern_2, v_alt_pattern_1, layout_vaults_maze, serial_shops,
          nicolae_diamond_shop
Vaults:5: serial_shops
Crypt:1:  cheibrodos_crypt_down_in_the_bonehoard, layout_basic,
          gammafunk_ghost_grave
Crypt:2:  layout_chaotic_city, minivault_25, nicolae_crypt_small_crypt,
          grunt_ministairs_2, fountainhead, small_statue_intersection,
          minmay_strange_pillars, grunt_megastairs_1
Crypt:3:  church_of_pain_bobbens, layout_chaotic_city,
          tomb_entry_simple_bobbens, hex_medium, st_stairs_11
Depths:1: lemuel_minitomb, layout_basic, enter_ziggurat_e, abyss_entry,
          lightli_too_deep, minmay_misc_feat_diagonals,
          minmay_fractal_squares_gapless_7
Depths:2: minmay_shoctagon, layout_long_grid, abandoned_shop,
          grunt_hell_entry_dis_old
Depths:3: kennysheep_scales, layout_gridville, hell_entry,
          nicolae_dithmenos_the_darkroom, pan_entry, minmay_serpent_palace,
          infiniplex_staircase_zigzag_5, uniq_sojobo, uniq_nikola
Depths:4: minmay_the_grid_triangle_9x9_rhombus_thin_mashed
          [minmay_the_grid_triangle_9x9_pentomino_pain,
          minmay_the_grid_triangle_9x9_prize_special,
          minmay_the_grid_triangle_9x9_alien,
          minmay_the_grid_triangle_9x9_descending_squares], layout_cave_shapes,
          minmay_room_of_horrors, hangedman_coc_ice_floe, minmay_shop_grove,
          infiniplex_staircase_zigzag_4, serial_bayou_shore_a
Depths:5: evilmike_zot_entry_gauntlet, layout_gridville,
          pf_vacation_house_of_asmodeus, nicolae_qazlal_eye_of_the_storm,
          kennysheep_random_hallway, grunt_megastairs_2, uniq_saint_roka,
          uniq_jory
Hell
Zot:1:    layout_basic
Zot:2:    layout_twisted_circle, st_large_dragon_hoard_1
Zot:3:    layout_basic, grunt_ministairs_14, drop_trap
Zot:4:    layout_cellular_growth
Zot:5:    layout_cathedral_of_symmetry

Skill      XL: |  1  2  3  4  5  6  7  8  9 10 11 12 13 14 15 16 17 18 19 20 21 22 23 24 25 26 27 |
---------------+----------------------------------------------------------------------------------+-----
Invocations    | 1 2 3 4 5 6 7 8 9 10 11 12 13 14 15 16 17 18 20 | 20.1
Short Blades   | 1 2 3 4 5 6 7 8 9 10 11 12 13 14 15 16 17 18 | 18.7
Long Blades    | 1 2 3 4 5 6 7 8 9 10 11 12 13 14 15 16 17 18 | 18.7
Maces & Flails | 1 2 3 4 5 6 7 8 9 10 11 12 13 14 15 16 17 18 | 18.7
Polearms       | 1 2 3 4 5 6 7 8 9 10 11 12 13 14 15 16 17 18 | 18.7
Staves         | 1 2 3 4 5 6 7 8 9 10 11 12 13 14 15 16 17 18 | 18.7
Slings         | 1 2 3 4 5 6 7 8 9 10 11 12 13 14 15 16 17 18 | 18.7
Bows           | 1 2 3 4 5 6 7 8 9 10 11 12 13 14 15 16 17 18 | 18.7
Crossbows      | 1 2 3 4 5 6 7 8 9 10 11 12 13 14 15 16 17 18 | 18.7
Throwing       | 1 2 3 4 5 6 7 8 9 10 11 12 13 14 15 16 17 20 | 20.2
Dodging        | 1 2 3 4 5 6 7 8 9 10 11 12 13 14 15 16 17 18 | 18.7
Stealth        | 1 2 3 4 5 6 7 8 9 10 11 12 13 14 15 16 17 18 | 18.7
Unarmed Combat | 1 2 3 4 5 6 7 8 9 10 11 12 13 14 15 16 17 18 | 18.7
Spellcasting   | 1 2 3 4 5 6 7 8 9 10 11 12 13 14 15 16 17 18 | 18.7
Evocations     | 1 2 3 4 5 6 7 8 9 10 11 12 13 14 15 16 17 18 | 18.7
Conjurations   | 1 2 3 4 5 6 7 8 9 10 11 12 13 14 16 | 16.1
Hexes          | 1 2 3 4 5 6 7 8 9 10 11 12 13 14 16 | 16.1
Summonings     | 1 2 3 4 5 6 7 8 9 10 11 12 13 14 16 | 16.1
Necromancy     | 1 2 3 4 5 6 7 8 9 10 11 12 13 14 17 | 17.0
Translocations | 1 2 3 4 5 6 7 8 9 10 11 12 13 14 16 | 16.1
Transmutations | 1 2 3 4 5 6 7 8 9 10 11 12 13 14 16 | 16.1
Fire Magic     | 1 2 3 4 5 6 7 8 9 10 11 12 13 14 16 | 16.1
Ice Magic      | 1 2 3 4 5 6 7 8 9 10 11 12 13 14 16 | 16.1
Air Magic      | 1 2 3 4 5 6 7 8 9 10 11 12 13 14 16 | 16.1
Earth Magic    | 1 2 3 4 5 6 7 8 9 10 11 12 13 14 16 | 16.1
Poison Magic   | 1 2 3 4 5 6 7 8 9 10 11 12 13 14 16 | 16.1
Axes           | 5 6 7 8 9 10 11 12 13 14 15 16 17 19 | 19.1
Fighting       | 7 8 9 10 11 12 13 14 15 16 17 18 19 | 19.4
Armour         | 7 8 9 10 11 12 13 14 15 16 17 18 19 | 19.4
Shields        | 7 8 9 10 11 12 13 14 15 16 17 18 19 | 19.4

Action                   |  1- 3 |  4- 6 |  7- 9 | 10-12 | 13-15 | 16-18 | 19-21 | 22-24 | 25-27 || total
-------------------------+-------+-------+-------+-------+-------+-------+-------+-------+-------++-------
Melee: War axe           |    94 |   131 |       |       |       |       |       |       |       ||   225
       Bite              |     5 |    15 |    29 |    85 |   192 |   244 |   280 |   354 |   393 ||  1597
       Whip              |       |    26 |   279 |   334 |       |       |       |       |       ||   639
       Trident           |       |       |       |   351 |   701 |       |       |       |       ||  1052
       Broad axe         |       |       |       |       |   493 |  1306 |  1339 |  1275 |  1393 ||  5806
       Rapier            |       |       |       |       |       |       |       |   412 |   263 ||   675
       Eveningstar       |       |       |       |       |       |       |       |       |   909 ||   909
Throw: Dart              |       |       |    15 |    47 |    10 |       |       |       |       ||    72
       Boomerang         |       |       |     9 |    41 |    93 |   291 |    24 |    41 |   135 ||   634
       Throwing net      |       |       |       |     1 |       |     1 |       |       |       ||     2
       Javelin           |       |       |       |       |     5 |     2 |       |     2 |    46 ||    55
 Cast: Passage of Golubr |       |       |       |     2 |       |     5 |       |     1 |     1 ||     9
       Wereblood         |       |       |       |       |     2 |     2 |    33 |    21 |    17 ||    75
       Invisibility      |       |       |       |       |       |       |       |    21 |    19 ||    40
       Summon Mana Viper |       |       |       |       |       |       |       |    22 |    10 ||    32
       Manifold Assault  |       |       |       |       |       |       |       |     3 |   127 ||   130
       Statue Form       |       |       |       |       |       |       |       |       |     1 ||     1
Invok: Potion Petition   |       |     1 |       |     1 |     2 |     3 |     7 |     3 |     9 ||    26
       Call Merchant     |       |       |       |       |     3 |       |       |       |     4 ||     7
       Bribe Branch      |       |       |       |       |       |       |       |       |     4 ||     4
Evoke: Wand              |       |       |       |     1 |     7 |    10 |     3 |     1 |     4 ||    26
       Tin of tremorston |       |       |       |       |     5 |     5 |     2 |     2 |     3 ||    17
       Condenser vane    |       |       |       |       |       |       |       |     1 |     1 ||     2
  Use: Potion            |       |     2 |     1 |     1 |     1 |    13 |     1 |     5 |    11 ||    35
       Scroll            |       |     3 |     5 |    11 |    21 |     7 |     3 |     7 |    13 ||    70
 Stab: Distracted        |     1 |     1 |       |     4 |    13 |     7 |    16 |    17 |    27 ||    86
       Sleeping          |       |       |       |       |     1 |       |       |    19 |    21 ||    41
       Paralysed         |       |       |       |       |    12 |    20 |       |       |       ||    32
       Invisible         |       |       |       |       |     8 |    12 |     9 |   115 |   145 ||   289
       Held in net/web   |       |       |       |       |       |     2 |       |       |       ||     2
       Petrified         |       |       |       |       |       |       |       |     2 |       ||     2
       Petrifying        |       |       |       |       |       |       |       |     1 |       ||     1
Armor: Scale mail        |    62 |    78 |    63 |       |       |       |       |   295 |   844 ||  1342
       Skin              |       |       |    20 |    36 |       |       |       |       |       ||    56
       Plate armour      |       |       |    18 |   251 |   205 |       |       |       |       ||   474
       Chain mail        |       |       |       |       |    81 |       |       |       |       ||    81
       Gold dragon scale |       |       |       |       |    75 |   989 |   461 |   157 |       ||  1682
Dodge: Dodged            |    41 |    54 |    81 |   146 |   309 |   564 |   469 |   591 |   854 ||  3109
Block: Kite shield       |    56 |    84 |   122 |   354 |   954 |  1899 |  1248 |   996 |  1506 ||  7219
       Reflection        |       |       |       |       |    21 |    87 |    59 |    28 |     1 ||   196
